 Dungeon Crawl Stone Soup version 0.31-a0-188-g5e087ee2ca (webtiles) character file.

Game seed: 8345525851840290233

642 qw the Skirmisher (level 7, -1/40 HPs)
             Began as a Deep Elf Hunter on June 23, 2023.
             Succumbed to a gnoll's poison
             ... on level 4 of the Dungeon.
             The game lasted 00:01:33 (3184 turns).

qw the Skirmisher (Deep Elf Hunter)                 Turns: 3184, Time: 00:01:33

Health: -1/40      AC:  6    Str: 10    XL:     7   Next: 26%
Magic:  9/9        EV: 11    Int: 14    God:
Gold:   213        SH:  0    Dex: 18    Spells: 6/6 levels left

rFire   + . .        Y - +1 shortbow
rCold   . . .        (shield currently unavailable)
rNeg    . . .        h - +0 ring mail
rPois   .            (no helmet)
rElec   .            (no cloak)
rCorr   .            (no gloves)
SInv    .            e - +0 pair of boots
Will    .....        c - amulet of the acrobat
Stlth   +            a - ring of protection from fire
HPRegen 0.26/turn    (no ring)
MPRegen 0.11/turn

%: acrobat
@: lethally poisoned (-1 -> -9)
A: no striking features
a: no special abilities


You were on level 4 of the Dungeon.
You visited 1 branch of the dungeon, and saw 4 of its levels.

You collected 213 gold pieces.


   Skills:
 - Level 2.0 Fighting
 + Level 11.1 Ranged Weapons
 - Level 1.0 Armour
 - Level 3.0 Dodging
 - Level 1.2 Stealth


You had 6 spell levels left.
You didn't know any spells.
Your spell library was empty.

Inventory:

Hand Weapons
 Y - a +1 shortbow (weapon)
Armour
 e - a +0 pair of boots (worn)
 h - a +0 ring mail (worn)
Jewellery
 a - a ring of protection from fire (left hand)
 c - an amulet of the acrobat (around neck)
Scrolls
 b - a scroll of identify
Potions
 d - a potion of resistance {unknown}
 f - a potion of enlightenment
 g - a potion of invisibility {unknown}
 i - a potion of curing {unknown}

Dungeon Overview and Level Annotations

Branches:
Dungeon (4/15)
 Temple: D:4-7

Altars:
Hepliaklqana
Nemelex Xobeh
Uskayaw
Wu Jian

Shops:
D:3 =


Message History

The black bear closely misses you. The black bear claws you. x2
The gnoll hits you from afar with a +3 spear of venom.
You shoot an arrow. The arrow hits the black bear!
You kill the black bear!
Your Ranged Weapons skill increases to level 11!
You shoot an arrow. The arrow hits the gnoll.
The gnoll is heavily wounded.
The gnoll hits you with a +0 flail.
You shoot an arrow. The arrow hits the gnoll!
You kill the gnoll!
You shoot an arrow. The arrow hits the gnoll.
The gnoll is moderately wounded.
The gnoll barely misses you. x2
You shoot an arrow. The arrow hits the gnoll.
The gnoll is severely wounded.
The gnoll hits you from afar with a +3 spear of venom.
You are poisoned.
The gnoll hits you with a +0 whip. x2
You shoot an arrow. The arrow hits the gnoll.
The gnoll is severely wounded.
You feel sick. The gnoll completely misses you. The gnoll misses you.
The gnoll closely misses you.
You shoot an arrow. The arrow hits the gnoll.
The gnoll is almost dead.
You feel sick. The gnoll closely misses you. The gnoll misses you.
The gnoll barely misses you.
You shoot an arrow. The arrow hits the gnoll.
You kill the gnoll!
You feel sick. The gnoll hits you but does no damage.
You are lethally poisoned!
The gnoll closely misses you.
You shoot an arrow. The arrow barely misses the gnoll.
You feel very sick. The gnoll closely misses you. The gnoll misses you.
You shoot an arrow. The arrow hits the gnoll.
The gnoll is heavily wounded.
You feel sick. The gnoll closely misses you. The gnoll hits you with a +0 whip.
You shoot an arrow. The arrow hits the gnoll!
You kill the gnoll!
You die...

.........# #.
########.# #. ##
#.# #. #.# #.# #.
#.# #.# ###.#
#.###.# #.##....##
##....#
.....#)#.###.#####
#..g%@#.#.##
#####)##.## +.##.#
#.##.# ..##.#
.###.# # #.# #.#
#.#


You could see a gnoll.

Vanquished Creatures
  2 black bears (D:4)
  2 phantoms
  A hound (D:3)
  A jelly (D:4)
  A sleepcap (D:4)
  An orc wizard (D:4)
  4 gnolls
  6 adders
  3 worms (D:2)
  3 dart slugs
  2 orcs (D:3)
  4 bats
  9 endoplasms
  4 giant cockroaches
  5 goblins
  13 hobgoblins
  6 jackals
  8 kobolds
  11 quokkas
  8 ball pythons
  3 frilled lizards
  9 rats
106 creatures vanquished.

Notes
Turn   | Place    | Note
-------+----------+-------------------------------------------
     0 | D:1      | qw the Deep Elf Hunter began the quest for the Orb.
     0 | D:1      | Reached XP level 1. HP: 12/12 MP: 3/3
     0 | D:1      | 0 ||| qw: Version: 0.3-a-9-g12657ce
     0 | D:1      | 0 ||| qw: Game counter: 3292
     0 | D:1      | 0 ||| qw: Always use a shield: true
     0 | D:1      | 0 ||| qw: God list: Okawaru
     0 | D:1      | 0 ||| qw: Allow faded altars: false
     0 | D:1      | 0 ||| qw: Do Orc after D:15 true
     0 | D:1      | 0 ||| qw: Do second Lair branch before Depths: true
     0 | D:1      | 0 ||| qw: Lair rune preference: random
     0 | D:1      | 0 ||| qw: Plans: Normal
     0 | D:1      | 0 ||| PLANNING D:1-11
    94 | D:1      | Found a faded altar of an unknown god.
   138 | D:1      | Reached XP level 2. HP: 16/16 MP: 4/4
   170 | D:1      | Reached skill level 6 in Ranged Weapons
   442 | D:1      | Reached XP level 3. HP: 20/20 MP: 5/5
   852 | D:1      | Reached skill level 7 in Ranged Weapons
   939 | D:1      | 939 ||| UPGRADING to +0 ring mail.
   949 | D:1      | 949 ||| DROPPING +0 leather armour.
   950 | D:1      | 950 ||| READING scroll labelled ZEGADO YPIODWI.
   951 | D:1      | 951 ||| READING scroll labelled TUFASE ZOVAL.
   952 | D:1      | 952 ||| READING scroll labelled ZAARROI XAVUA.
   953 | D:1      | 953 ||| READING scroll labelled RYFOSS XEHI.
   954 | D:1      | 954 ||| READING scroll labelled FEJUAT EFUGEO.
   959 | D:1      | 959 ||| DRINKING 2 fizzy white potions.
   960 | D:1      | 960 ||| DROPPING scroll of butterflies.
  1028 | D:2      | HP: 5/20 [poisoned by an adder]
  1029 | D:2      | 1029 ||| FLEEEEING.
  1030 | D:2      | 1030 ||| FLEEEEING.
  1032 | D:2      | 1032 ||| FLEEEEING.
  1033 | D:2      | 1033 ||| FLEEEEING.
  1038 | D:2      | 1038 ||| FLEEEEING.
  1039 | D:2      | 1039 ||| FLEEEEING.
  1040 | D:2      | 1040 ||| FLEEEEING.
  1042 | D:2      | 1042 ||| STAIRDANCE
  1218 | D:2      | Reached XP level 4. HP: 25/25 MP: 6/6
  1312 | D:2      | Noticed a phantom
  1322 | D:2      | Killed a phantom
  1323 | D:2      | Reached skill level 8 in Ranged Weapons
  1323 | D:2      | Reached XP level 5. HP: 23/29 MP: 7/7
  1763 | D:2      | Reached skill level 9 in Ranged Weapons
  1765 | D:2      | HP: 7/29 [dart slug/slug dart (4)]
  1766 | D:2      | 1766 ||| READING scroll of teleportation.
  2153 | D:2      | 2153 ||| UPGRADING to +0 pair of boots.
  2158 | D:2      | 2158 ||| UPGRADING to amulet of the acrobat.
  2163 | D:2      | 2163 ||| READING scroll labelled ONIXTI FIQYSK.
  2164 | D:2      | 2164 ||| READING scroll labelled HICZOFIQIZ.
  2278 | D:3      | Found an ornate altar of the Wu Jian Council.
  2320 | D:3      | Found Tocal's Jewellery Emporium.
  2335 | D:3      | 2335 ||| SHOPLISTING +4 ring of protection (396 gold, have
                  | 133).
  2335 | D:3      | 2335 ||| SHOPLISTING amulet of regeneration (330 gold, have
                  | 133).
  2335 | D:3      | 2335 ||| SHOPLISTING ring of poison resistance (220 gold,
                  | have 133).
  2335 | D:3      | 2335 ||| SHOPLISTING ring of positive energy (220 gold,
                  | have 133).
  2401 | D:3      | Found a hide-covered altar of Uskayaw.
  2479 | D:3      | Found a sparkling altar of Nemelex Xobeh.
  2500 | D:3      | Found a hazy altar of Hepliaklqana.
  2756 | D:3      | 2756 ||| UPGRADING to ring of protection from fire.
  2757 | D:3      | 2757 ||| READING scroll labelled UDAMIT AKKE.
  2758 | D:3      | 2758 ||| READING scroll labelled YJAUSEAPIG.
  2783 | D:4      | 2783 ||| STAIRDANCE
  2793 | D:3      | Reached XP level 6. HP: 26/35 MP: 8/8
  2922 | D:4      | Reached skill level 10 in Ranged Weapons
  3043 | D:4      | Reached skill level 3 in Dodging
  3104 | D:4      | Reached skill level 1 in Armour
  3123 | D:4      | Reached XP level 7. HP: 40/40 MP: 9/9
  3175 | D:4      | Reached skill level 11 in Ranged Weapons
  3179 | D:4      | HP: 10/40 [poisoned by a gnoll]
  3183 | D:4      | HP: 3/40 [poisoned by a gnoll]
  3183 | D:4      | HP: 1/40 [gnoll/+0 whip (2)]
  3184 | D:4      | Succumbed to a gnoll's poison

Levels and vault maps discovered:
D:1:      matt_arrival_grand_opening, layout_loops_corners,
          chequers_ecumenical_altar_twisty
D:2:      minmay_diamond_boxcup, layout_loops_ring, grunt_ministairs_13,
          minmay_pentomino_pile
D:3:      layout_basic, nemelex_dance_club_becter, nicolae_uskayaw_suspiria,
          mainiacjoe_overflow_boulevard, nicolae_overflow_crystal_walls,
          serial_shops, shop_fountains
D:4:      wad_woods_tower, layout_loops_ring,
          mainiacjoe_overflow_surrounded_room

Skill      XL: |  1  2  3  4  5  6  7 |
---------------+----------------------+-----
Ranged Weapons | 6 7 8 9 10 11 | 11.1
Fighting       | 2 |  2.0
Dodging        | 3 |  3.0
Armour         | 1 |  1.0
Stealth        | |  1.2

Action                     |  1- 3 |  4- 6 |  7- 9 || total
---------------------------+-------+-------+-------++-------
   Fire: Shortbow          |   118 |   237 |    22 ||   377
    Use: Scroll            |     5 |     5 |       ||    10
         Potion            |     1 |       |       ||     1
 Armour: Leather armour    |     9 |       |       ||     9
         Ring mail         |     9 |    28 |     2 ||    39
  Dodge: Dodged            |    35 |    62 |    16 ||   113

Table legend:
 A = Non-vault XP
 B = Vault XP
 C = Vault XP percentage of total XP
 D = Non-vault monster count
 E = Vault monster count
 F = Vault count percentage of total count
                 A         B        C        D         E       F
            +---------+---------+-------+---------+---------+-------
      Total |     853 |      79 |   8.5 |      84 |      22 |  20.8
            +---------+---------+-------+---------+---------+-------
        D:1 |      66 |       0 |   0.0 |      29 |       0 |   0.0
        D:2 |     179 |      66 |  26.9 |      27 |      16 |  37.2
        D:3 |      88 |       5 |   5.4 |      17 |       2 |  10.5
        D:4 |     520 |       8 |   1.5 |      11 |       4 |  26.7
            +---------+---------+-------+---------+---------+-------
